 Dungeon Crawl Stone Soup version 0.31.0-11-ge490571c62 (webtiles) character file.

Game seed: 1068893029549438119

53 qw the Shooter (level 3, 0/20 HPs)
             Began as a Deep Elf Hunter on Feb 4, 2024.
             Slain by an adder (2 damage)
             ... on level 2 of the Dungeon.
             The game lasted 00:00:06 (1532 turns).

qw the Shooter (Deep Elf Hunter)                    Turns: 1532, Time: 00:00:07

Health: 0/20       AC:  6    Str: 10    XL:     3   Next: 62%
Magic:  5/5        EV: 11    Int: 13    God:
Gold:   161        SH:  0    Dex: 18    Spells: 2/2 levels left

rFire   . . .        a - +0 shortbow
rCold   . . .        (shield currently unavailable)
rNeg    . . .        g - +1 ring mail
rPois   .            (no helmet)
rElec   .            (no cloak)
rCorr   +            (no gloves)
SInv    .            (no boots)
Will    .....        (no amulet)
Stlth   +            l - ring of resist corrosion
HPRegen 0.23/turn    (no ring)
MPRegen 0.09/turn

%: no passive effects
@: lethally poisoned (0 -> -5)
A: no striking features
a: no special abilities


You were on level 2 of the Dungeon.
You visited 1 branch of the dungeon, and saw 3 of its levels.

You collected 161 gold pieces.


   Skills:
 - Level 1.5 Fighting
 + Level 7.1 Ranged Weapons
 - Level 2.4 Dodging
 - Level 1.2 Stealth


You had 2 spell levels left.
You didn't know any spells.
Your spell library was empty.

Inventory:

Hand Weapons
 a - a +0 shortbow (weapon)
Armour
 g - a +1 ring mail (worn)
Jewellery
 l - a ring of resist corrosion (left hand)
Wands
 b - a wand of paralysis (8)
Potions
 d - a potion of haste
 e - 3 potions of curing
 i - a potion of mutation
 m - a potion of berserk rage {unknown}

Dungeon Overview and Level Annotations

Branches:
Dungeon (3/15)

Altars:


Message History

The adder barely misses you. The adder bites you.
You shoot an arrow. The arrow misses the adder.
The adder bites you but does no damage. The adder barely misses you.
You shoot an arrow. The arrow hits the adder.
The adder is heavily wounded.
The adder bites you but does no damage.
You shoot an arrow. The arrow hits the adder.
The adder is severely wounded.
The adder bites you but does no damage. The adder bites you.
You shoot an arrow. The arrow closely misses the adder.
The adder bites you but does no damage.
You shoot an arrow.
The arrow hits the adder but does no damage.
The adder is severely wounded.
The adder bites you.
You are poisoned.
The adder poisons you! The adder barely misses you.
You shoot an arrow. The arrow closely misses the adder.
You feel sick. The adder barely misses you.
You shoot an arrow. The arrow misses the adder.
You feel sick. The adder bites you but does no damage.
The adder closely misses you.
You shoot an arrow. The arrow closely misses the adder.
You feel sick. The adder bites you but does no damage.
The adder closely misses you.
You shoot an arrow. The arrow hits the adder.
The adder is severely wounded.
You feel sick.
You are no longer poisoned.
The adder bites you.
You are poisoned.
The adder poisons you!
You shoot an arrow. The arrow hits the adder.
The adder is almost dead.
You feel sick. The adder bites you. x2
You are lethally poisoned!
The adder poisons you!
You shoot an arrow. The arrow barely misses the adder.
You feel sick. The adder bites you but does no damage. The adder bites you.
You die...

### #.. ########## #.#
### .....<..# #.# ...
#.####.#######.# ..
#.).........>...
#.###.##############
#.S@..# # # ###.### ##
#. ...# #. #. ##### ##
#.###.# ###### .....
###..... #..#######
#.....##
#......>.#######..#....
##.#####.##......#...[.


You could see an adder.

Vanquished Creatures
  A dart slug (D:3)
  5 ball pythons
  3 endoplasms (D:2)
  2 giant cockroaches
  4 hobgoblins
  3 jackals (D:1)
  3 quokkas
  8 bats
  4 frilled lizards
  8 goblins
  3 kobolds
  3 rats
47 creatures vanquished.

Notes
Turn   | Place    | Note
-------+----------+-------------------------------------------
     0 | D:1      | qw the Deep Elf Hunter began the quest for the Orb.
     0 | D:1      | Reached XP level 1. HP: 12/12 MP: 3/3
     0 | D:1      | 0 ||| qw: Version: 0.3-a-160-g6735b56
     0 | D:1      | 0 ||| qw: Game counter: 5321
     0 | D:1      | 0 ||| qw: Melee chars always use a shield: true
     0 | D:1      | 0 ||| qw: God list: Okawaru
     0 | D:1      | 0 ||| qw: Allow faded altars: false
     0 | D:1      | 0 ||| qw: Do Orc after clearing Dungeon:15 true
     0 | D:1      | 0 ||| qw: Do second Lair branch before Depths: true
     0 | D:1      | 0 ||| qw: Lair rune preference: random
     0 | D:1      | 0 ||| qw: Goals: Normal
     0 | D:1      | 0 ||| PLANNING D:1-11
   282 | D:1      | Reached XP level 2. HP: 16/16 MP: 4/4
   361 | D:1      | Reached skill level 6 in Ranged Weapons
   383 | D:1      | HP: 3/16 [jackal (3)]
   385 | D:1      | HP: 1/16 [goblin/+0 dagger (1)]
   648 | D:1      | 648 ||| UPGRADING to ring of resist corrosion.
   649 | D:1      | 649 ||| READING 3 scrolls labelled QIYSOR MOYX.
   649 | D:1      | 649 ||| IDENTIFYING clear potion
   650 | D:1      | 650 ||| READING 2 scrolls of identify.
   650 | D:1      | 650 ||| IDENTIFYING bubbling amethyst potion
   651 | D:1      | 651 ||| READING scroll of identify.
   651 | D:1      | 651 ||| IDENTIFYING bubbling grey potion
   652 | D:1      | 652 ||| READING scroll labelled PODOMUERUNG.
   653 | D:1      | 653 ||| READING scroll labelled CUCITE YXIRGH.
   653 | D:1      | 653 ||| ENCHANTING +0 shortbow.
   654 | D:1      | 654 ||| DRINKING 2 inky potions.
   655 | D:1      | 655 ||| DRINKING 2 fizzy amethyst potions.
   656 | D:1      | 656 ||| DROPPING scroll of butterflies.
   657 | D:1      | 657 ||| DROPPING potion of brilliance.
   658 | D:1      | 658 ||| DROPPING potion of attraction.
   843 | D:2      | Reached XP level 3. HP: 19/20 MP: 5/5
   886 | D:2      | Found a faded altar of an unknown god.
  1112 | D:2      | You fall into a shaft and drop 1 floor!
  1145 | D:3      | Reached skill level 7 in Ranged Weapons
  1420 | D:3      | 1420 ||| UPGRADING to +0 ring mail.
  1430 | D:3      | 1430 ||| DROPPING +0 leather armour.
  1431 | D:3      | 1431 ||| READING scroll of enchant armour.
  1431 | D:3      | 1431 ||| ENCHANTING +0 ring mail.
  1432 | D:3      | 1432 ||| READING scroll labelled PORYBB NYIJI.
  1531 | D:2      | HP: 4/20 [adder (3)]
  1532 | D:2      | Slain by an adder

Levels and vault maps discovered:
D:1:      dpeg_arrival_pits, layout_basic
D:2:      layout_loops_ring, ebering_ecumenical_altar_box,
          hangedman_decor_growths, solitary_fountain
D:3:      layout_loops_ring, uniq_ijyb

Skill      XL: |  1  2  3 |
---------------+----------+-----
Ranged Weapons | 6 7 |  7.1
Fighting       | |  1.5
Dodging        | |  2.4
Stealth        | |  1.2

Action                     || total
---------------------------++-------
   Fire: Shortbow          ||   131
    Use: Scroll            ||     7
         Potion            ||     2
 Armour: Leather armour    ||    28
         Ring mail         ||    14
  Dodge: Dodged            ||    36

Table legend:
 A = Non-vault XP
 B = Vault XP
 C = Vault XP percentage of total XP
 D = Non-vault monster count
 E = Vault monster count
 F = Vault count percentage of total count
                 A         B        C        D         E       F
            +---------+---------+-------+---------+---------+-------
      Total |      76 |       0 |   0.0 |      47 |       0 |   0.0
            +---------+---------+-------+---------+---------+-------
        D:1 |      27 |       0 |   0.0 |      17 |       0 |   0.0
        D:2 |      32 |       0 |   0.0 |      21 |       0 |   0.0
        D:3 |      17 |       0 |   0.0 |       9 |       0 |   0.0
            +---------+---------+-------+---------+---------+-------
